 Dungeon Crawl Stone Soup version 0.31.0-11-ge490571c62 (webtiles) character file.

Game seed: 13537483632729742724

16844 Arctor the Skirmisher (level 12, -1/72 HPs)
             Began as a Deep Elf Fire Elementalist on Feb 1, 2024.
             Was a Follower of Vehumet.
             Slain by a small abomination (4 damage)
             ... created by the touch of Lugonu
             ... on level 11 of the Dungeon.
             The game lasted 00:26:49 (12757 turns).

Arctor the Skirmisher (Deep Elf Fire Elementalist) Turns: 12757, Time: 00:26:49

Health: -1/72      AC:  9    Str:  5    XL:     12   Next: 13%
Magic:  29/29      EV: 18    Int: 26    God:    Vehumet [*.....]
Gold:   578        SH:  0    Dex: 21    Spells: 16/29 levels left

rFire   + . .        b - staff of fire
rCold   . . .        (no shield)
rNeg    . . .        F - +1 robe {Will+}
rPois   +            m - +0 helmet
rElec   .            J - +0 cloak
rCorr   .            j - +2 pair of gloves
SInv    +            k - +0 pair of boots
Will    +++..        C - amulet of the acrobat
Stlth   ++++         d - +6 ring of dexterity
HPRegen 0.32/turn    y - ring of see invisible
MPRegen 0.21/turn

%: acrobat
@: mighty, on berserk cooldown, enlightened, flying, slowed, very slow
A: high MP 1, poison resistance
a: Renounce Religion


You were on level 11 of the Dungeon.
You worshipped Vehumet.
Vehumet was aware of your devotion.
You visited 3 branches of the dungeon, and saw 13 of its levels.
You visited the Abyss 1 time.

You collected 578 gold pieces.

Inventory:

Hand Weapons
 a - the +4 shortbow of Vuzumis {elec, Will++ Int-3}
   (You acquired it on level 5 of the Dungeon)

   Int-3:     It affects your intelligence (-3).
   Will++:    It greatly increases your willpower.
 B - a +2 rapier of flaming
Missiles
 l - 13 poisoned darts
Armour
 j - a +2 pair of gloves (worn)
 k - a +0 pair of boots (worn)
 m - a +0 helmet (worn)
 x - a +0 robe
 F - a +1 robe of willpower (worn)
 J - a +0 cloak (worn)
Magical Staves
 b - a staff of fire (weapon)
Jewellery
 d - a +6 ring of dexterity (left hand)
 e - a +6 ring of strength
 f - a ring of positive energy
 y - a ring of see invisible (right hand)
 C - an amulet of the acrobat (around neck)
Wands
 D - a wand of light (3)
 E - a wand of iceblast (19)
 I - a wand of polymorph (25)
Scrolls
 c - a scroll of identify
 h - 2 scrolls of fear
 n - 2 scrolls of fog
 o - 2 scrolls of immolation
 q - a scroll of vulnerability
 v - a scroll of brand weapon
 L - a scroll of noise
 M - a scroll of silence
Potions
 p - a potion of mutation
 r - a potion of attraction


   Skills:
 + Level 7.0 Fighting
 - Level 12.1 Ranged Weapons
 + Level 8.5 Dodging
 - Level 6.4 Stealth
 + Level 9.3 Spellcasting
 - Level 5.0 Conjurations
 + Level 8.1 Fire Magic
 - Level 7.1 Evocations


You had 16 spell levels left.
You knew the following spells:

 Your Spells              Type           Power      Damage    Failure   Level
a - Foxfire               Conj/Fire      100%       2x1d9     1%          1
b - Scorch                Fire           100%       2d9       1%          2
c - Flame Wave            Conj/Fire      63%        2d15      3%          4
d - Inner Flame           Hex/Fire       50%        N/A       2%          3
e - Volatile Blastmotes   Fire/Tloc      100%       2d18      2%          3

Your spell library contained the following spells:

 Spells                   Type           Power      Damage    Failure   Level
 Freeze                   Ice            48%        1d6       4%          1
 Hailstorm                Conj/Ice       25%        3d7       5%          3
 Frozen Ramparts          Ice            24%        1d4       14%         3
 Summon Forest            Summ/Tloc      6%         N/A       80%         5
 Eringya's Noxious Bog    Alch           6%         4d6       100%        6
 Sculpt Simulacrum        Ice/Alch       6%         N/A       100%        6
 Ozocubu's Refrigeration  Ice            6%         4d8       100%        7
 Summon Hydra             Summ           6%         N/A       100%        7
 Polar Vortex             Ice            6%         N/A       100%        9


Dungeon Overview and Level Annotations

Branches:
Dungeon (11/15)            Temple (1/1) D:5             Orc (1/2) D:10
   Lair: D:8-11

Altars:
Ashenzari
Cheibriados
Dithmenos
Elyvilon
Fedhas
Gozag
Hepliaklqana
Kikubaaqudgha
Makhleb
Nemelex Xobeh
Okawaru
Qazlal
Sif Muna
Trog
Uskayaw
Vehumet
Wu Jian
Yredelemnul
Zin

Shops:
D:5 !


Innate Abilities, Weirdness & Mutations

You have an increased reservoir of magic. (+10% MP)
Your system is resistant to poisons. (rPois)


Message History

The starcursed mass is almost destroyed.
The starcursed mass shudders and withdraws towards its neighbour. x2
The starcursed mass closely misses you.
You completely miss the starcursed mass.
The starcursed mass is almost destroyed.
The starcursed mass touches you but does no damage.
You hit the starcursed mass.
The starcursed mass is almost destroyed.
The starcursed mass shudders and withdraws towards its neighbour. x2
A chorus of shrieks assaults your mind. The starcursed mass misses you.
You hit the starcursed mass!
You destroy the starcursed mass!
That felt strangely unrewarding.
The starcursed mass touches you.
You hit the kobold. You burn the kobold.
You kill the kobold!
Vehumet accepts your kill.
You hit the starcursed mass. You burn the starcursed mass.
The starcursed mass is heavily damaged.
The starcursed mass shudders and is absorbed by its neighbour.
A starcursed mass splits.
The small abomination closely misses you.
You closely miss the small abomination.
You completely miss the small abomination.
The small abomination barely misses you.
You hit the starcursed mass. You burn the starcursed mass.
The starcursed mass is severely damaged.
The starcursed mass shudders and is absorbed by its neighbour.
You are no longer berserk.
You are exhausted.
You feel yourself slow down. The small abomination hits you!!
* * * LOW HITPOINT WARNING * * *
The starcursed mass shrieks in your mind.
* * * LOW HITPOINT WARNING * * *
Okay, then.
Okay, then.
You barely miss the small abomination.
The small abomination hits you but does no damage.
A starcursed mass splits.
The small abomination hits you.
You die...

....# #.........#
#...... ....#
#..)......# ##.####
....# #.).......# #.#
....#######)X.......#
#.#
....................#
#.#
....######K#####X####
#.# †...# #K# #X# #.#
....# #K# #.# ....#
#.# #@# ....# #.# #x#
....######.#####K####
..........KK...X....#
##########.#####.####
#.# #.# #.# #.# #.#
#.# #.# #.#


You could see 3 starcursed masses, a small abomination and a kobold.

Vanquished Creatures
  Gastronok (D:8)
  Erolcha (D:9)
  2 two-headed ogres
  2 thrashing horrors (D:11)
  Psyche (D:8)
  2 hornets
  2 trolls
  Grinder (D:6)
  5 yaks
  2 shadows
  Eustachio (D:6)
  Grum (D:8)
  3 acid dragons
  3 sky beasts
  3 ice beasts
  3 wolves (D:8)
  2 ogres
  4 centaurs
  A phantom (D:6)
  2 kobold brigands
  A bullfrog (D:7)
  A gnoll sergeant (D:7)
  3 scorpions
  5 killer bees (D:8)
  An electric eel (D:10)
  4 hounds
  6 orc priests
  2 jellies
  3 gnoll boudas
  3 starcursed masses
  Crazy Yiuf (D:6)
  A sleepcap (D:6)
  Natasha (thrice) (D:3)
  8 orc wizards
  14 gnolls
  8 adders
  A white imp (D:5)
  3 ribbon worms
  3 dart slugs
  22 orcs
  7 endoplasms
  5 giant cockroaches
  7 goblins
  7 hobgoblins
  6 jackals
  17 kobolds
  2 quokkas
  12 ball pythons
  8 bats
  2 frilled lizards (D:3)
  2 rats (D:5)
210 creatures vanquished.

Vanquished Creatures (collateral kills)
  11 foxfires
11 creatures vanquished.

Vanquished Creatures (others)
  A killer bee (D:8)
  1199 foxfires
  2 starspawn tentacles (D:8)
1202 creatures vanquished.

Grand Total: 1423 creatures vanquished

Notes
Turn   | Place    | Note
-------+----------+-------------------------------------------
     0 | D:1      | Arctor the Deep Elf Fire Elementalist began the quest for
                  | the Orb.
     0 | D:1      | Reached XP level 1. HP: 10/10 MP: 6/6
   205 | D:1      | Reached XP level 2. HP: 15/15 MP: 5/8
   761 | D:1      | Reached XP level 3. HP: 13/19 MP: 6/9
  2750 | D:3      | Found a faded altar of an unknown god.
  2988 | D:3      | Noticed Natasha
  2997 | D:3      | Killed Natasha
  2998 | D:3      | Reached XP level 4. HP: 24/24 MP: 5/11
  3154 | D:3      | Noticed Natasha
  3159 | D:3      | Killed Natasha
  3206 | D:3      | Noticed Natasha
  3217 | D:3      | Killed Natasha
  3218 | D:3      | Reached XP level 5. HP: 17/28 MP: 5/13
  4693 | D:4      | Reached XP level 6. HP: 32/32 MP: 8/14
  5080 | D:4      | Found a bloodstained altar of Trog.
  5455 | D:5      | Entered Level 5 of the Dungeon
  5455 | D:5      | Found a staircase to the Ecumenical Temple.
  5462 | D:5      | Reached skill level 5 in Spellcasting
  5605 | D:5      | Found a broken altar of Ashenzari.
  5613 | Temple   | Entered the Ecumenical Temple
  5625 | Temple   | Became a worshipper of Vehumet
  5629 | Temple   | Learned a level 2 spell: Scorch
  5634 | Temple   | Learned a level 4 spell: Flame Wave
  5686 | D:5      | Found Ecunun's Distillery.
  5793 | D:5      | Reached XP level 7. HP: 36/36 MP: 10/16
  5859 | D:5      | Reached skill level 5 in Stealth
  5859 | D:5      | Reached skill level 5 in Fire Magic
  6389 | D:5      | Found an ornate altar of the Wu Jian Council.
  6478 | D:5      | Found an iron altar of Okawaru.
  6515 | D:5      | Reached skill level 5 in Dodging
  6537 | D:5      | Identified a scroll of acquirement
  6987 | D:6      | Found a sparkling altar of Nemelex Xobeh.
  7284 | D:6      | Noticed Grinder
  7293 | D:6      | Killed Grinder
  7294 | D:6      | Reached XP level 8. HP: 23/41 MP: 9/19
  7417 | D:6      | Noticed Eustachio
  7426 | D:6      | Killed Eustachio
  7687 | D:6      | Reached skill level 1 in Fighting
  7687 | D:6      | Reached skill level 5 in Conjurations
  7774 | D:6      | Found a runed translucent door.
  7775 | D:6      | Noticed Crazy Yiuf
  7997 | D:6      | Killed Crazy Yiuf
  8016 | D:6      | Acquired the +4 shortbow of Vuzumis {elec, Will++ Int-3}
  8079 | D:7      | Noticed a hornet
  8087 | D:6      | Killed a hornet
  8088 | D:6      | Reached skill level 2 in Ranged Weapons
  8088 | D:6      | Reached skill level 1 in Evocations
  8288 | D:7      | Reached skill level 3 in Ranged Weapons
  8584 | D:7      | Reached skill level 4 in Ranged Weapons
  8670 | D:7      | Reached XP level 9. HP: 49/49 MP: 15/21
  8670 | D:7      | Reached * piety under Vehumet
  8670 | D:7      | Offered knowledge of Sting by Vehumet.
  8858 | D:7      | Reached skill level 5 in Ranged Weapons
  9042 | D:7      | Found an opulent altar of Gozag.
  9085 | D:7      | Found a stormy altar of Qazlal.
  9408 | D:7      | Reached skill level 6 in Ranged Weapons
  9686 | D:8      | Noticed Grum
  9692 | D:8      | Killed Grum
  9693 | D:8      | Reached skill level 7 in Ranged Weapons
  9842 | D:8      | Noticed Psyche
  9858 | Abyss:2  | Cast into level 2 of the Abyss (Psyche)
  9907 | Abyss:2  | Found a corrupted altar of Lugonu.
  9933 | Abyss:2  | Fell from the grace of Vehumet
  9933 | Abyss:2  | Became a worshipper of Lugonu the Unformed
  9933 | Abyss:2  | Reached * piety under Lugonu
  9933 | Abyss:2  | Reached ** piety under Lugonu
  9934 | D:8      | Escaped the Abyss
  9941 | D:8      | Killed Psyche
  9942 | D:8      | Reached skill level 8 in Ranged Weapons
 10092 | D:8      | Found an ancient bone altar of Kikubaaqudgha.
 10161 | D:8      | Reached skill level 5 in Evocations
 10182 | D:8      | Gained mutation: Your system is resistant to poisons.
                  | (rPois) [potion of mutation]
 10182 | D:8      | Gained mutation: You sometimes lose your temper in combat.
                  | [potion of mutation]
 10182 | D:8      | Gained mutation: You have an increased reservoir of magic.
                  | (+10% MP) [potion of mutation]
 10182 | D:8      | Lost mutation: You sometimes lose your temper in combat.
                  | [potion of mutation]
 10228 | D:7      | Reached skill level 9 in Ranged Weapons
 10228 | D:7      | Reached XP level 10. HP: 16/56 MP: 15/24
 10495 | Temple   | Fell from the grace of Lugonu
 10495 | Temple   | Became a worshipper of Vehumet
 10614 | D:8      | Noticed Gastronok
 10914 | D:8      | Learned a level 3 spell: Inner Flame
 10918 | D:8      | Learned a level 3 spell: Volatile Blastmotes
 10925 | D:8      | Noticed a starcursed mass
 11103 | D:9      | Found a shimmering blue altar of Sif Muna.
 11185 | D:9      | Noticed Erolcha
 11381 | D:8      | Noticed a large abomination
 11381 | D:8      | Noticed a wretched star
 11491 | D:8      | Killed Gastronok
 11492 | D:8      | Reached skill level 5 in Fighting
 11492 | D:8      | Reached skill level 10 in Ranged Weapons
 11501 | D:8      | Noticed a tentacled starspawn
 11523 | D:9      | Noticed a two-headed ogre
 11654 | D:9      | Killed Erolcha
 11655 | D:9      | Reached skill level 11 in Ranged Weapons
 11745 | D:9      | Noticed a starcursed mass
 11800 | D:9      | Killed a two-headed ogre
 11801 | D:9      | Reached skill level 12 in Ranged Weapons
 11842 | D:10     | Entered Level 10 of the Dungeon
 11842 | D:10     | Found a staircase to the Orcish Mines.
 11977 | Orc:1    | Entered Level 1 of the Orcish Mines
 11993 | Orc:1    | Noticed an orc sorcerer
 12000 | Orc:1    | Noticed a soul eater
 12129 | D:10     | Noticed a wretched star
 12134 | D:10     | Reached XP level 11. HP: 64/64 MP: 21/25
 12152 | D:10     | Noticed an arcanist
 12179 | D:11     | Noticed a two-headed ogre
 12191 | D:11     | Killed a two-headed ogre
 12196 | D:11     | Noticed a thrashing horror
 12196 | D:11     | Noticed a thrashing horror
 12232 | D:11     | Reached XP level 12. HP: 22/71 MP: 7/29
 12710 | D:11     | Noticed a starcursed mass
 12756 | D:11     | HP: 2/72 [starcursed mass/accursed screaming[the touch of
                  | Lugonu] (4)]
 12757 | D:11     | Slain by a small abomination

Illustrated notes

Levels and vault maps discovered:
D:1:      nicolae_arrival_somewhat_less_tricky_arrival, layout_loops_ring,
          minmay_quantized
D:2:      layout_basic, serial_forest, infiniplex_forest_lined_3,
          infiniplex_forest_corner_1, infiniplex_forest_lined_2,
          infiniplex_forest_lined_room_, infiniplex_forest_end_2,
          infiniplex_forest_lined_room_, infiniplex_forest_clump_double,
          infiniplex_forest_side_room, infiniplex_forest_join
D:3:      layout_basic, nicolae_ecumenical_pavilion, minmay_starry_boxes,
          uniq_natasha
D:4:      layout_basic, lemuel_doored_altar
D:5:      layout_loops_ring, nzn_wu_jian_council_hall,
          mainiacjoe_overflow_alcove_2, ashenzari_altar_1,
          minmay_temple_entry_mini_moons, portal_sewer_entry_e, serial_shops,
          shop, due_unseen_surprise
D:6:      layout_gridville, nemelex_xobeh_ov_fountains_minmay, uniq_grinder,
          uniq_crazy_yiuf_cottage, uniq_eustachio
D:7:      layout_cave_pods, grunt_qazlal_sundering,
          mainiacjoe_overflow_cross_hatched
D:8:      layout_gridville, mainiacjoe_overflow_boulevard,
          mainiacjoe_overflow_paths, enter_bailey_4, uniq_psyche, uniq_grum,
          uniq_gastronok
D:9:      layout_rooms, overflow_temple_1_default, nicolae_ru_awakened_eye,
          minmay_misc_feat_rows, uniq_prince_ribbit1, uniq_erolcha
D:10:     layout_gridville, tso_oasis_becter, orc_0_dummy, nicolae_water_bricks
D:11:     layout_small_grid, lair_entry_dummy, corexii_checkpoint,
          marbit_kobold_abyssish, uniq_snorg
Temple:   hellmonk_temple_rainy
Orc:1:    layout_caves, serial_shops, shop, uniq_harold

Skill      XL: |  1  2  3  4  5  6  7  8  9 10 11 12 |
---------------+-------------------------------------+-----
Stealth        | 3 4 6 |  6.4
Dodging        | 3 4 5 6 8 |  8.5
Conjurations   | 2 3 4 5 |  5.0
Spellcasting   | 4 5 6 9 |  9.3
Fire Magic     | 4 5 6 8 |  8.1
Fighting       | 2 4 5 6 7 |  7.0
Ranged Weapons | 4 9 12 | 12.1
Evocations     | 2 5 7 |  7.1

Action                     |  1- 3 |  4- 6 |  7- 9 | 10-12 || total
---------------------------+-------+-------+-------+-------++-------
  Melee: Unarmed           |     6 |     1 |       |       ||     7
         Rapier            |       |       |     1 |       ||     1
         Staff             |       |       |     5 |    26 ||    31
   Fire: Shortbow          |       |       |     9 |     1 ||    10
   Cast: Foxfire           |   161 |   201 |   242 |   128 ||   732
         Scorch            |       |       |    25 |    70 ||    95
         Inner Flame       |       |       |       |     1 ||     1
 Invoke: Depart the Abyss  |       |       |     1 |       ||     1
    Use: Scroll            |       |       |    11 |    10 ||    21
         Potion            |       |       |     9 |    13 ||    22
   Stab: Sleeping          |       |       |     1 |       ||     1
 Armour: Robe              |    34 |    16 |    68 |    88 ||   206
  Dodge: Dodged            |    36 |    10 |    92 |   136 ||   274
